 Dungeon Crawl Stone Soup version 0.28.0-53-g5a82cb258f (webtiles) character file.

Game seed: 9069994603569091811

86 Stomo the Cutter (level 4, -5/34 HPs)
             Began as a Demonspawn Gladiator on July 4, 2022.
             Killed by nerve-wracking pain
             ... invoked by Jessica
              (6 damage)
             ... on level 2 of the Dungeon.
             The game lasted 00:01:58 (1972 turns).

Stomo the Cutter (Demonspawn Gladiator)             Turns: 1972, Time: 00:01:59

Health: -5/34      AC:  9    Str: 17    XL:     4   Next: 26%
Magic:  4/4        EV: 11    Int:  9    God:
Gold:   68         SH:  0    Dex: 14    Spells: 3/3 levels left

rFire   + . .      SeeInvis .   a - +0 rapier
rCold   . . .      Faith    .   (no shield)
rNeg    . . .      Spirit   .   f - +2 ring mail {rF+}
rPois   .          Reflect  .   c - +0 helmet
rElec   .          Harm     .   i - +0 cloak
rCorr   .          Rampage  .   (no gloves)
Will    .....                   (no boots)
Stlth   +.........              (no amulet)
HPRegen 0.11/turn               (no ring)
MPRegen 0.09/turn               (no ring)

@: flying (expiring), hasted (expiring), very quick
A: claws 1
a: no special abilities


You were on level 2 of the Dungeon.
You visited 1 branch of the dungeon, and saw 2 of its levels.

You collected 68 gold pieces.

Inventory:

Hand Weapons
 a - a +0 rapier (weapon)
Missiles
 d - 3 throwing nets (quivered)
Armour
 b - a +0 leather armour
 c - a +0 helmet (worn)
 e - a +0 scale mail
 f - a +2 ring mail of fire resistance (worn)
 i - a +0 cloak (worn)
Potions
 g - a potion of flight


   Skills:
 + Level 2.8 Fighting
 + Level 3.3 Short Blades
 - Level 1.7 Throwing
 + Level 1.6 Armour
 + Level 3.2 Dodging


You had 3 spell levels left.
You didn't know any spells.
Your spell library was empty.

Dungeon Overview and Level Annotations

Branches:
Dungeon (2/15)

Altars:

Annotations:
D:2 Jessica, Terence


Innate Abilities, Weirdness & Mutations

You have sharp fingernails.


Message History

The goblins go into a battle-frenzy!
You aren't carrying any scrolls.
Okay, then.
Okay, then.
Okay, then.
You puncture Robin!
Robin is heavily wounded.
Jessica hits you with a +0 dagger.
You hit Robin.
Robin is severely wounded.
The goblin no longer looks unusually strong. x2
Jessica hits you with a +0 dagger.
* * * LOW HITPOINT WARNING * * *
Robin roars a battlecry!
The goblins go into a battle-frenzy!
You barely miss Robin.
Robin is severely wounded.
Jessica hits you with a +0 dagger.
* * * LOW HITPOINT WARNING * * *
Robin misses you.
You hit Robin but do no damage.
Robin is severely wounded.
Jessica hits you but does no damage.
You closely miss Robin.
Robin is severely wounded.
Robin hits you but does no damage. Jessica casts a spell at you.
You resist with some effort.
You hit Robin.
You kill Robin!
Jessica hits you with a +0 dagger.
* * * LOW HITPOINT WARNING * * *
You hit the goblin.
You kill the goblin!
Jessica hits you with a +0 dagger.
* * * LOW HITPOINT WARNING * * *
Your extra speed is starting to run out.
Jessica points at you and mumbles some strange words.
Pain shoots through your body!
You die...

....... ##.##.# ###
..g.g #.#####.# #..
g.g# #.<...§.. #.## #.#
#..# ######...
.....##.######..# #.§.
#.....@.g..g)g..# #...
###.##.######..# ##§.
#@#####...###########.#
#ggg@)@...............#
#######...#############
##.## ###


You could see Terence, Jessica (fast), a hobgoblin (strong) and 2 goblins.

Vanquished Creatures
  Robin (D:2)
  2 dart slugs (D:1)
  3 ball pythons
  8 endoplasms (D:1)
  9 giant cockroaches
  6 hobgoblins
  2 jackals (D:1)
  4 quokkas
  4 bats
  A frilled lizard (D:1)
  10 goblins
  6 kobolds
  6 rats (D:1)
62 creatures vanquished.

Notes
Turn   | Place    | Note
-------+----------+-------------------------------------------
     0 | D:1      | Stomo the Demonspawn Gladiator began the quest for the Orb.
     0 | D:1      | Reached XP level 1. HP: 16/16 MP: 1/1
     1 | D:1      | Found a runed translucent door.
   272 | D:1      | Gained mutation: You have sharp fingernails. [demonic
                  | ancestry]
   272 | D:1      | Reached XP level 2. HP: 20/22 MP: 2/2
   745 | D:1      | Reached skill level 1 in Armour
   752 | D:1      | Reached XP level 3. HP: 28/28 MP: 3/3
  1869 | D:2      | Found a faded altar of an unknown god.
  1910 | D:2      | Noticed Robin
  1928 | D:2      | Reached XP level 4. HP: 15/34 MP: 4/4
  1938 | D:2      | Noticed Jessica
  1956 | D:2      | Noticed Terence
  1970 | D:2      | Killed Robin
  1971 | D:2      | HP: 1/34 [Jessica/+0 dagger (3)]
  1972 | D:2      | Killed from afar by Jessica

Illustrated notes

Levels and vault maps discovered:
D:1:      dpeg_arrival_caged_fury, layout_loops_cross
D:2:      layout_loops_corners, ebering_ecumenical_altar_mist, uniq_robin,
          uniq_terence, uniq_jessica

Skill      XL: |  1  2 |
---------------+-------+-----
Dodging        | 3 |  3.2
Short Blades   | 3 |  3.3
Armour         | 1 |  1.6
Fighting       | |  2.8
Throwing       | |  1.7

Action                   |  1- 3 |  4- 6 || total
-------------------------+-------+-------++-------
Melee: Rapier            |   162 |    32 ||   194
  Use: Scroll            |     3 |       ||     3
       Potion            |     2 |     1 ||     3
 Stab: Sleeping          |     1 |       ||     1
Armor: Leather armour    |    58 |       ||    58
       Ring mail         |     4 |    13 ||    17
Dodge: Dodged            |   104 |     6 ||   110
